 Dungeon Crawl Stone Soup version 0.23.0-3-gf3c87f2 (console) character file.

Game seed: 14912759429726020494

11282 fly the Destroyer (level 11, -3/105 HPs)
             Began as an Ogre Fire Elementalist on Feb 22, 2019.
             Was a Believer of Uskayaw.
             Slain by a basilisk (6 damage)
             ... on level 11 of the Dungeon.
             The game lasted 00:26:52 (13952 turns).

fly the Destroyer (Ogre Fire Elementalist)         Turns: 13952, Time: 00:26:53

Health: -3/105     AC:  5    Str: 14    XL:     11   Next: 75%
Magic:  29/29      EV: 18    Int: 16    God:    Uskayaw [**....]
Gold:   529        SH:  0    Dex: 28    Spells: 13/22 levels left

rFire    + + .     SeeInvis +   a - +11 great mace {flame, *Rage rElec rF++ SInv}
rCold    . . .     Gourm    .   (shield currently unavailable)
rNeg     + . .     Faith    .   y - +1 robe of Paxkeo Eful {rElec rN+ Dex+4 SInv}
rPois    .         Spirit   .   (helmet restricted)
rElec    +         Reflect  .   q - +0 cloak of the Boiling Point {*Contam Dex+8}
rCorr    .         Harm     .   (gloves unavailable)
MR       +....     Rnd*Rage +   (boots unavailable)
Stlth    +++.......             (no amulet)
HPRegen  0.27/turn              J - +4 ring of dexterity
MPRegen  0.21/turn              E - ring of magical power

@: about to teleport, slowed, very slow
A: large, unfitting armour, tough skin 1
a: Stomp, Line Pass, Renounce Religion


You were on level 11 of the Dungeon.
You worshipped Uskayaw.
Uskayaw was noncommittal.
You were very hungry.

You visited 2 branches of the dungeon, and saw 12 of its levels.

You collected 529 gold pieces.

Inventory:

Hand Weapons
 a - the +11 great mace of Darkness (weapon) {flame, *Rage rElec rF++ SInv}
   (You took it off a two-headed ogre on level 7 of the Dungeon)

   It has been specially enchanted to burn those struck by it, causing extra
   injury to most foes and up to half again as much damage against particularly
   susceptible opponents.
   It greatly protects you from fire.
   It insulates you from electricity.
   It lets you see invisible.
   It may make you go berserk in combat.
 b - the +9 dire flail "Paxaxa" {antimagic, rPois rC+ Str+3}
   (You took it off a two-headed ogre on level 7 of the Dungeon)

   It reduces the magical energy of the wielder, and disrupts the spells and
   magical abilities of those hit.
   Natural abilities and divine invocations are not affected.
   It affects your strength (+3).
   It protects you from cold.
   It protects you from poison.
 G - a +0 quarterstaff
Missiles
 j - 6 large rocks (quivered)
Armour
 q - the +0 cloak of the Boiling Point (worn) {*Contam Dex+8}
   (You found it on level 10 of the Dungeon)

   It affects your dexterity (+8).
   It causes magical contamination when unequipped.
 y - the +1 robe of Paxkeo Eful (worn) {rElec rN+ Dex+4 SInv}
   (You found it on level 6 of the Dungeon)

   It affects your dexterity (+4).
   It insulates you from electricity.
   It protects you from negative energy.
   It lets you see invisible.
Jewellery
 u - a +2 ring of slaying
 z - an uncursed ring of poison resistance
 E - a ring of magical power (right hand)
 J - a +4 ring of dexterity (left hand)
Wands
 w - a wand of scattershot (5)
 I - a wand of iceblast (6)
 K - a wand of clouds (5)
 L - a wand of paralysis (8)
 M - a wand of polymorph (8)
 O - a wand of acid (9)
Scrolls
 f - 2 scrolls of fear {unknown}
 g - a scroll of enchant armour {unknown}
 m - 2 scrolls of blinking {unknown}
 n - 4 scrolls of enchant weapon
 p - 5 scrolls of teleportation
 s - 5 scrolls of remove curse {unknown}
 t - a scroll of noise {unknown}
 C - 3 scrolls of random uselessness {unknown}
 F - a scroll of acquirement {unknown}
 N - a scroll of identify
Potions
 d - 2 potions of resistance {unknown}
 e - 2 potions of flight
 h - 2 potions of heal wounds {unknown}
 i - 4 potions of degeneration {unknown}
 k - a potion of mutation {unknown}
 l - a potion of agility {unknown}
 o - 2 potions of ambrosia {unknown}
 r - 4 potions of lignification
 v - 4 potions of cancellation
 x - 3 potions of brilliance {unknown}
 A - 2 potions of curing
 B - a potion of invisibility {unknown}
 D - a potion of might {unknown}
 H - 2 potions of berserk rage
Comestibles
 c - 26 rations


   Skills:
 - Level 6.0 Fighting
 + Level 8.2 Dodging
 - Level 1.4 Stealth
 - Level 6.0 Spellcasting
 + Level 9.8 Conjurations
 + Level 9.7 Fire Magic


You had 13 spell levels left.
You knew the following spells:

 Your Spells              Type           Power        Failure   Level  Hunger
c - Conjure Flame         Conj/Fire      #####...     1%          3    ##.....
n - Inner Flame           Hex/Fire       ###.....     5%          3    ##.....
t - Flame Tongue          Conj/Fire      #####        1%          1    None
z - Throw Flame           Conj/Fire      #####.       1%          2    #......

Your spell library contained the following spells:

 Spells                   Type           Power        Failure   Level  Hunger
 Sticky Flame             Conj/Fire      #####...     2%          4    ####...
 Fireball                 Conj/Fire      #####.....   7%          5    ######.
 Animate Skeleton         Necr           N/A          14%         1    None
 Apportation              Tloc           #.....       14%         1    None
 Confusing Touch          Hex            #.....       14%         1    None
 Summon Small Mammal      Summ           #...         14%         1    None


Dungeon Overview and Level Annotations

Branches:
Dungeon (11/15)            Temple (1/1) D:7             Orc (0/2) D:11
   Lair: D:8-11

Altars:
Ashenzari
Cheibriados
Dithmenos
Elyvilon
Fedhas
Gozag
Hepliaklqana
Kikubaaqudgha
Makhleb
Nemelex Xobeh
Okawaru
Qazlal
Ru
Sif Muna
Trog
Uskayaw
Vehumet
Wu Jian
Xom
Yredelemnul
Zin
The Shining One

Shops:
D:7 [


Innate Abilities, Weirdness & Mutations

You are too large for most types of armour.
You have tough skin. (AC +1)


Message History

The orc warrior barely misses you. The worker ant barely misses you.
The warg barely misses you. The orc completely misses you.
The basilisk gazes at you.
You easily resist.
The orc warrior hits you from afar with a +0 trident!!
* * * LOW HITPOINT WARNING * * *
The worker ant closely misses you. The warg misses you.
The orc completely misses you. The orc closely misses you.
The basilisk bites you!
* * * LOW HITPOINT WARNING * * *
Okay, then.
As you read the scroll of teleportation, it crumbles to dust.
You feel strangely unstable. The worker ant closely misses you.
The orc warrior hits you from afar with a +0 trident!
* * * LOW HITPOINT WARNING * * *
The warg bites you!
* * * LOW HITPOINT WARNING * * *
The orc hits you but does no damage. The worker ant completely misses you.
The basilisk bites you.
You die...

###+#########
............# .
.O......a...+ ...
.......@l>..#....
......hoo).......
.........o)......
.................
.................
.................
.................
#########.....>..
#........


You could see a basilisk, a warg, an orc warrior, an ogre (sleeping), a worker
ant and 2 orcs.

Vanquished Creatures
  Harold (D:9)
  A centaur warrior (D:9)
  3 two-headed ogres
  Pikel (D:9)
  The ghost of vogonpoet the Zephyrmancer, a novice TeAE of Vehumet (D:7)
  A deep elf mage (D:9)
  2 trolls (D:9)
  A hippogriff (D:7)
  8 yaks
  A wraith (D:11)
  A hungry ghost (D:9)
  Menkaure (D:4)
  2 water moccasins (D:10)
  An orc warrior (D:6)
  A sky beast (D:10)
  An ice beast (D:8)
  3 ogres
  2 phantoms
  A black bear (D:8)
  A necrophage (D:8)
  6 centaurs
  A big kobold (D:9)
  Blork the orc (D:6)
  2 bullfrogs (D:7)
  2 wyvern skeletons
  7 scorpions
  7 killer bees
  3 wights (D:9)
  7 howler monkeys
  7 electric eels (D:9)
  4 crimson imps
  5 hounds
  2 gnoll shamans
  2 jellies
  A bullfrog zombie (D:7)
  An orc priest (D:3)
  5 iguanas
  5 orc wizards
  5 worker ants
  A hound skeleton (D:5)
  14 gnolls
  11 adders
  2 adder skeletons
  2 adder zombies
  3 worms
  4 dart slugs
  14 leopard geckos
  12 orcs
  5 bats
  8 giant cockroaches
  11 goblins
  9 hobgoblins
  14 jackals
  2 quokkas
  2 ball pythons
  5 frilled lizards
  A jackal skeleton (D:5)
  11 kobolds
  A leopard gecko skeleton (D:8)
  A leopard gecko zombie (D:6)
  A quokka skeleton (D:4)
  7 rats
248 creatures vanquished.

Notes
Turn   | Place    | Note
-------+----------+-------------------------------------------
     0 | D:1      | fly the Ogre Fire Elementalist began the quest for the Orb.
     0 | D:1      | Reached XP level 1. HP: 16/16 MP: 3/3
    33 | D:1      | Reached skill level 1 in Conjurations
    98 | D:1      | Reached XP level 2. HP: 11/26 MP: 1/5
   155 | D:1      | Reached skill level 1 in Fighting
   633 | D:1      | Reached XP level 3. HP: 24/33 MP: 1/7
  1026 | D:1      | Learned a level 3 spell: Conjure Flame
  1030 | D:1      | Learned a level 3 spell: Inner Flame
  1500 | D:2      | Reached XP level 4. HP: 27/42 MP: 0/8
  1731 | D:2      | Found a blossoming altar of Fedhas.
  1734 | D:2      | Found a radiant altar of Vehumet.
  1737 | D:2      | Found a bloodstained altar of Trog.
  1740 | D:2      | Found a glowing silver altar of Zin.
  2387 | D:2      | Reached XP level 5. HP: 35/49 MP: 6/9
  3859 | D:4      | Reached XP level 6. HP: 56/61 MP: 7/11
  4178 | D:4      | Noticed Menkaure
  4190 | D:4      | Killed Menkaure
  4190 | D:4      | Reached XP level 7. HP: 63/67 MP: 2/12
  4779 | D:5      | Entered Level 5 of the Dungeon
  5303 | D:5      | Noticed a yak
  5311 | D:5      | Noticed a yak
  5356 | D:4      | Killed a yak
  5356 | D:4      | Reached skill level 5 in Spellcasting
  5356 | D:4      | Reached XP level 8. HP: 48/78 MP: 8/15
  5546 | D:4      | Killed a yak
  5705 | D:5      | Noticed a yak
  5707 | D:5      | Noticed a yak
  5718 | D:5      | Learned a level 2 spell: Throw Flame
  5722 | D:5      | Noticed a yak
  5755 | D:4      | Killed a yak
  5928 | D:5      | Reached skill level 5 in Fighting
  6254 | D:5      | Killed a yak
  6254 | D:5      | Reached skill level 5 in Conjurations
  6254 | D:5      | Reached skill level 5 in Fire Magic
  6261 | D:5      | Killed a yak
  6694 | D:6      | Got a smoking robe
  6706 | D:6      | Identified the +1 robe of Paxkeo Eful {rElec rN+ Dex+4
                  | SInv} (You found it on level 6 of the Dungeon)
  6725 | D:6      | Noticed Blork the orc
  6750 | D:6      | Killed Blork the orc
  6750 | D:6      | Reached XP level 9. HP: 56/89 MP: 1/18
  7029 | D:6      | Found a snail-covered altar of Cheibriados.
  7468 | D:6      | Found a faded altar of an unknown god.
  7468 | D:6      | Found a sparkling altar of Nemelex Xobeh.
  7473 | D:6      | Found a shadowy altar of Dithmenos.
  7475 | D:6      | Found an ornate altar of the Wu Jian Council.
  7477 | D:6      | Found a stormy altar of Qazlal.
  7549 | D:6      | Found a glowing silver altar of Zin.
  8162 | D:7      | Found a staircase to the Ecumenical Temple.
  8175 | Temple   | Entered the Ecumenical Temple
  8443 | Temple   | Became a worshipper of Uskayaw the Reveler
  8519 | D:7      | Noticed vogonpoet's ghost (novice TeAE)
  8520 | D:7      | Found a transporter.
  8521 | D:7      | Identified the +11 great mace of Darkness {flame, *Rage
                  | rElec rF++ SInv}
  8521 | D:7      | Identified the +9 dire flail "Paxaxa" {antimagic, rPois rC+
                  | Str+3}
  8521 | D:7      | Noticed a two-headed ogre
  8524 | D:7      | Found a transporter.
  8592 | D:7      | Reached * piety under Uskayaw
  8648 | D:7      | Reached ** piety under Uskayaw
  8766 | D:7      | Found Dorut's Antique Armour Shop.
  9314 | D:8      | Noticed a two-headed ogre
  9321 | D:8      | Killed a two-headed ogre
  9321 | D:8      | Reached skill level 5 in Dodging
  9321 | D:8      | Reached XP level 10. HP: 50/98 MP: 19/19
  9326 | D:8      | Reached *** piety under Uskayaw
  9330 | D:8      | Reached **** piety under Uskayaw
  9342 | D:8      | Reached ***** piety under Uskayaw
  9694 | D:7      | Killed a two-headed ogre
  9697 | D:7      | Killed vogonpoet's ghost
 11080 | D:9      | Noticed Harold
 11097 | D:9      | Killed Harold
 11097 | D:9      | Reached XP level 11. HP: 56/105 MP: 16/20
 11361 | D:9      | Noticed Pikel
 11370 | D:9      | Killed Pikel
 11989 | D:9      | Noticed a centaur warrior
 11990 | D:9      | Noticed a deep elf mage
 11994 | D:9      | Killed a centaur warrior
 12003 | D:10     | Entered Level 10 of the Dungeon
 12326 | D:9      | Killed a deep elf mage
 13074 | D:10     | Noticed a two-headed ogre
 13086 | D:10     | Killed a two-headed ogre
 13750 | D:10     | Got a warped cloak
 13762 | D:10     | Identified the +0 cloak of the Boiling Point {*Contam
                  | Dex+8} (You found it on level 10 of the Dungeon)
 13942 | D:11     | Found a staircase to the Orcish Mines.
 13952 | D:11     | HP: 3/105 [warg (14)]
 13952 | D:11     | Slain by a basilisk

Skill      XL: |  1  2  3  4  5  6  7  8  9 10 11 |
---------------+----------------------------------+-----
Conjurations   | 1 2 4 5 7 8 9 |  9.8
Fighting       | 1 2 3 4 6 |  6.0
Dodging        | 2 3 5 7 8 |  8.2
Fire Magic     | 3 4 5 7 8 9 |  9.7
Spellcasting   | 3 5 6 |  6.0
Stealth        | |  1.4

Action                   |  1- 3 |  4- 6 |  7- 9 | 10-12 || total
-------------------------+-------+-------+-------+-------++-------
Melee: Unarmed           |   101 |    47 |       |       ||   148
       Flail             |       |       |    62 |    12 ||    74
       Great mace        |       |       |       |   118 ||   118
 Cast: Flame Tongue      |    80 |   143 |   115 |    23 ||   361
       Inner Flame       |       |     1 |     1 |     1 ||     3
       Conjure Flame     |       |       |    13 |     5 ||    18
       Throw Flame       |       |       |    92 |   118 ||   210
Evoke: Wand              |       |       |       |     4 ||     4
  Use: Scroll            |       |       |     4 |     3 ||     7
       Potion            |       |       |     1 |       ||     1
 Stab: Sleeping          |       |       |     2 |     2 ||     4
       Paralysed         |       |       |       |     7 ||     7
  Eat: Chunk             |     2 |     9 |    15 |    16 ||    42
Armor: Robe              |    58 |    42 |    38 |    30 ||   168
Dodge: Dodged            |    95 |    61 |   105 |   188 ||   449
